 Dungeon Crawl Stone Soup version 0.27-a0-334-g52645efa06 (webtiles) character file.

Game seed: 6788474915180480692

40 mobtown the Grave Robber (level 3, -2/19 HPs)
             Began as a Deep Elf Necromancer on Feb 14, 2021.
             Slain by Sigmund
             ... wielding a +0 scythe
              (12 damage)
             ... on level 2 of the Dungeon.
             The game lasted 00:05:15 (1820 turns).

mobtown the Grave Robber (Deep Elf Necromancer)     Turns: 1820, Time: 00:05:16

Health: -2/19      AC:  3    Str: 17    XL:     3   Next: 30%
Magic:  2/10       EV: 12    Int: 20    God:
Gold:   65         SH:  0    Dex: 15    Spells: 4/9 levels left

rFire    . . .     SeeInvis .   g - +0 dagger
rCold    . . .     Faith    .   (no shield)
rNeg     . . .     Spirit   .   c - +0 leather armour {rPois}
rPois    +         Reflect  .   (no helmet)
rElec    .         Harm     .   (no cloak)
rCorr    .         Rampage  .   (no gloves)
Will     .....                  (no boots)
Stlth    ++........             (no amulet)
HPRegen  0.06/turn              d - +6 ring of strength
MPRegen  0.12/turn              i - +6 ring of strength

@: brilliant
A: no striking features
a: no special abilities


You were on level 2 of the Dungeon.
You visited 1 branch of the dungeon, and saw 2 of its levels.

You collected 65 gold pieces.

Inventory:

Hand Weapons
 g - a +0 dagger (weapon)
Missiles
 h - 4 stones
Armour
 a - a +0 robe
 c - a +0 leather armour of poison resistance (worn)
Jewellery
 d - a +6 ring of strength (left hand)
 i - a +6 ring of strength (right hand)
Scrolls
 b - a scroll of enchant armour {unknown}
 e - a scroll of immolation {unknown}
 j - a scroll of identify {unknown}
 l - a scroll of teleportation {unknown}
 m - a scroll of blinking {unknown}


   Skills:
 + Level 0.1 Armour
 + Level 2.4 Dodging
 + Level 2.4 Stealth
 + Level 3.5 Spellcasting
 * Level 5.9 Necromancy


You had 4 spell levels left.
You knew the following spells:

 Your Spells              Type           Power        Failure   Level
a - Pain                  Necr           100%         1%          1
b - Animate Skeleton      Necr           82%          1%          1
c - Vampiric Draining     Necr           20%          4%          3

Your spell library contained the following spells:

 Spells                   Type           Power        Failure   Level
 Animate Dead             Necr           20%          14%         4
 Agony                    Necr           41%          36%         5


Dungeon Overview and Level Annotations

Branches:
Dungeon (2/15)

Altars:

Annotations:
D:2 Sigmund


Message History

Sigmund points at himself and mumbles some strange words.
Sigmund flickers and vanishes!
Deactivating autopickup; reactivate with Ctrl-A.
You hit something but do no damage. Something hits you.
You hit something but do no damage. You barely miss something.
Something hits you but does no damage.
You miss something. Something hits you.
You hit something but do no damage. You hit something but do no damage.
Something hits you!
Ouch! That really hurt!
Casting: Vampiric Draining (quite dangerous; 4% risk of failure)
Confirm with . or Enter, or press ? or * to list all spells.
You don't know that spell.
Unknown command.
Casting: Vampiric Draining (quite dangerous; 4% risk of failure)
Confirm with . or Enter, or press ? or * to list all spells.
You can't see any susceptible monsters within range! (Use Z to cast anyway.)
There is a strange disturbance nearby!
Casting: Vampiric Draining (quite dangerous; 4% risk of failure)
Confirm with . or Enter, or press ? or * to list all spells.
The spell is quite dangerous to cast (4% risk of failure)!
Continue anyway?
Okay, then.
Casting: Vampiric Draining (quite dangerous; 4% risk of failure)
Confirm with . or Enter, or press ? or * to list all spells.
The spell is quite dangerous to cast (4% risk of failure)!
Continue anyway? [Y]es or [N]o only, please.
The spell is quite dangerous to cast (4% risk of failure)!
Continue anyway?
Aiming: Vampiric Draining (quite dangerous; 4% risk of failure)
Press: ? - help, Shift-Dir - straight line You feel life coursing into your body.
Something hits you!
You aren't carrying any items that you can evoke.
It was a potion of brilliance.
You feel clever all of a sudden.
It was a potion of curing.
You feel better.
You hear some strange, mumbled words.
A magic dart appears from out of thin air!
The magic dart hits you!
You miss something. Something hits you!
Ouch! That really hurt!
You die...

######### #.{......
#@# .#
#######.########.#
#................#
#[....###...###..###
#..##.
#)#........##. #. #
#.#..........
..#........#
####........#
##.......#


There were no monsters in sight!

Vanquished Creatures
  A gnoll (D:1)
  3 dart slugs (D:1)
  3 leopard geckos
  A ball python (D:1)
  2 goblins
  4 hobgoblins
  2 kobolds (D:1)
  2 bats
  3 rats (D:1)
21 creatures vanquished.

Notes
Turn   | Place    | Note
-------+----------+-------------------------------------------
     0 | D:1      | mobtown the Deep Elf Necromancer began the quest for the
                  | Orb.
     0 | D:1      | Reached XP level 1. HP: 10/10 MP: 6/6
    57 | D:1      | Reached skill level 5 in Necromancy
   516 | D:1      | Reached XP level 2. HP: 12/15 MP: 5/8
   998 | D:1      | Reached XP level 3. HP: 19/19 MP: 9/9
  1000 | D:1      | Learned a level 1 spell: Animate Skeleton
  1004 | D:1      | Learned a level 3 spell: Vampiric Draining
  1806 | D:2      | Noticed Sigmund
  1820 | D:2      | Slain by Sigmund

Illustrated notes

Levels and vault maps discovered:
D:1:      shiori_arrival_maze, layout_basic
D:2:      lemuel_upstairs_altar, layout_loops_ring, uniq_sigmund,
          uniq_crazy_yiuf_cottage, uniq_jessica

Skill      XL: |  1 |
---------------+----+-----
Necromancy     | 5 |  5.9
Armour         | |  0.1
Dodging        | |  2.4
Stealth        | |  2.4
Spellcasting   | |  3.5

Action                   || total
-------------------------++-------
Melee: Dagger            ||    12
 Cast: Pain              ||    34
       Vampiric Draining ||     3
  Use: Potion            ||     2
 Stab: Sleeping          ||     2
Armor: Leather armour    ||     1
Dodge: Dodged            ||     4

Table legend: (Time is in decaauts)
 A = Elapsed time spent in this place.
 B = Non-inter-level travel time spent in this place.
 C = Inter-level travel time spent in this place.
 D = Time resting spent in this place.
 E = Time spent auto-exploring this place.
 F = Levels seen in this place.
 G = Mean time per level.
                   A        B        C        D        E       F      G
               +--------+--------+--------+--------+--------+-----+--------+
         Total |   1818 |   1818 |      0 |    289 |   1341 |   2 |  909.0 |
       Dungeon |   1818 |   1818 |      0 |    289 |   1341 |   2 |  909.0 |
               +--------+--------+--------+--------+--------+-----+--------+

Top non-repeatable levels by time:
     D:1: 1554 daAuts
     D:2: 263 daAuts
